 Dungeon Crawl Stone Soup version 0.27-a0-1378-gdefffd1ff6 (webtiles) character file.

Game seed: 6595072779206113431

28471 avis the Severer (level 13, -4/125 HPs)
             Began as a Hill Orc Monk on June 28, 2021.
             Was an Elder of Beogh.
             Slain by a reaper (7 damage)
             ... in a Gauntlet on June 30, 2021.
             The game lasted 01:52:44 (22224 turns).

avis the Severer (Hill Orc Monk)                   Turns: 22224, Time: 01:52:44

Health: -4/125     AC: 26    Str: 19    XL:     13   Next: 39%
Magic:  20/20      EV: 10    Int: 11    God:    Beogh [****..]
Gold:   566        SH:  5    Dex: 16    Spells: 12/12 levels left

rFire    + . .     SeeInvis .   a - +2 war axe (venom)
rCold    + . .     Faith    +   y - +0 buckler
rNeg     + . .     Spirit   .   h - +8 chain mail "Vuech" {rN+ Will+ Int+3 Stlth+}
rPois    .         Reflect  .   N - +1 hat {Will+}
rElec    .         Harm     .   W - scarf {+Inv}
rCorr    .         Rampage  .   u - +2 pair of gloves
Will     ++...     NoTele   +   X - +1 pair of boots
Stlth    ..........             p - amulet of faith
HPRegen  0.30/turn              (no ring)
MPRegen  0.17/turn              R - ring of Suenyn {rF+ rC+ Dex+3}

@: no status effects
A: dopey 1, no potion heal 1
a: Renounce Religion, Evoke Invisibility, Smiting, Recall Orcish Followers


You were in a Gauntlet.
You worshipped Beogh.
Beogh was greatly pleased with you.
You visited 4 branches of the dungeon, and saw 16 of its levels.
You also visited: Gauntlet and Ice Cave.

You collected 927 gold pieces.
You spent 361 gold pieces at shops.

Inventory:

Hand Weapons
 a - a +2 war axe of venom (weapon)
 b - a +5 morningstar
 s - a +1 scythe of venom
 w - the +4 hunting sling "Fakaic" {freeze, rPois rN+}
   (You found it in an ice cave)

   It causes projectiles fired from it to freeze those they strike, causing
   extra injury to most foes and up to half again as much damage against
   particularly susceptible opponents.
   They can also slow down cold-blooded creatures.
   rPois:     It protects you from poison.
   rN:        It protects you from negative energy.
Missiles
 f - 2 throwing nets (quivered)
 C - 316 stones
 F - 151 sling bullets
Armour
 h - the +8 chain mail "Vuech" (worn) {rN+ Will+ Int+3 Stlth+}
   (You found it in a Gauntlet)

   Int:       It affects your intelligence (+3).
   rN:        It protects you from negative energy.
   Will:      It increases your willpower.
   Stlth:     It makes you more stealthy.
 r - +2 swamp dragon scales
 t - the +1 helmet of Giaj {-Tele rN+ rCorr}
   (You found it in a Gauntlet)

   rN:        It protects you from negative energy.
   -Tele:     It prevents most forms of teleportation.
   rCorr:     It protects you from acid and corrosion.
 u - a +2 pair of gloves (worn)
 y - a +0 buckler (worn)
 N - a +1 hat of willpower (worn)
 W - a scarf of invisibility (worn)
 X - a +1 pair of boots (worn)
Jewellery
 g - a ring of fire
 p - an amulet of faith (around neck)
 L - a ring of ice
 R - the ring of Suenyn (right hand) {rF+ rC+ Dex+3}
   (You found it in an ice cave)

   [ring of protection from cold]

   Dex:       It affects your dexterity (+3).
   rF:        It protects you from fire.
   rC:        It protects you from cold.
Wands
 m - a wand of polymorph (19)
 z - a wand of flame (9)
 J - a wand of paralysis (7)
 P - a wand of digging (1)
 Q - a wand of mindburst (13)
 Z - a wand of iceblast (6)
Scrolls
 c - 8 scrolls of fear
 j - a scroll of summoning
 k - 2 scrolls of blinking
 n - 6 scrolls of teleportation
 v - a scroll of brand weapon {unknown}
 I - 6 scrolls of fog
Potions
 d - 2 potions of heal wounds
 e - 2 potions of berserk rage
 i - 6 potions of brilliance
 l - 2 potions of curing
 o - 2 potions of might
 q - 2 potions of invisibility
 x - a potion of haste
 B - 3 potions of flight
 G - 2 potions of cancellation
 M - a potion of magic
Miscellaneous
 T - a phantom mirror
 V - a phial of floods


   Skills:
 * Level 14.9 Fighting
 - Level 16.0 Axes
 - Level 10.0 Armour
 - Level 5.0 Dodging
 - Level 1.5 Stealth
 - Level 4.0 Shields
 - Level 10.0 Invocations


You had 12 spell levels left.
You didn't know any spells.
Your spell library contained the following spells:

 Spells                   Type           Power      Damage    Failure   Level
 Corona                   Hex            0%         N/A       95%         1
 Sandblast                Erth           0%         2d4       95%         1
 Summon Small Mammal      Summ           0%         N/A       95%         1
 Call Imp                 Summ           0%         N/A       99%         2
 Passwall                 Tmut/Erth      0%         N/A       99%         2
 Slow                     Hex            0%         N/A       99%         2
 Call Canine Familiar     Summ           0%         N/A       100%        3
 Confusing Touch          Hex            0%         N/A       100%        3
 Gell's Gravitas          Tloc           0%         N/A       100%        3
 Inner Flame              Hex/Fire       0%         N/A       100%        3
 Portal Projectile        Hex/Tloc       0%         N/A       100%        3
 Stone Arrow              Conj/Erth      0%         3d7       100%        3
 Summon Guardian Golem    Hex/Summ       0%         N/A       100%        3
 Cause Fear               Hex            0%         N/A       100%        4
 Ice Form                 Ice/Tmut       0%         N/A       100%        4
 Leda's Liquefaction      Hex/Erth       0%         N/A       100%        4
 Petrify                  Tmut/Erth      0%         N/A       100%        4
 Summon Ice Beast         Ice/Summ       0%         N/A       100%        4
 Summon Lightning Spire   Summ/Air       0%         N/A       100%        4
 Bolt of Magma            Conj/Fire/Erth 0%         4d4       100%        5
 Freezing Cloud           Conj/Ice/Air   0%         6-21      100%        5
 Iskenderun's Battlesphe  Conj           0%         2d6       100%        5
 Lee's Rapid Deconstruct  Erth           0%         3d5*      100%        5
 Metabolic Englaciation   Hex/Ice        0%         N/A       100%        5
 Yara's Violent Unravell  Hex/Tmut       0%         3d3       100%        5
 Iron Shot                Conj/Erth      0%         9d1       100%        6
 Simulacrum               Ice/Necr       0%         N/A       100%        6
 Orb of Destruction       Conj           0%         N/A       100%        7
 Ozocubu's Refrigeration  Ice            0%         4d5       100%        7
 Spellforged Servitor     Conj/Summ      0%         N/A       100%        7


Dungeon Overview and Level Annotations

Branches:
Dungeon (10/15)            Temple (1/1) D:5            Lair (4/6) D:10
  Snake (1/4) Lair:3        IceCv (visited)         Gauntlet (1/1)
  Swamp: Lair:2-4    Shoals: Lair:2-4       Orc: D:9-12

Altars:
Ashenzari
Cheibriados
Dithmenos
Elyvilon
Fedhas
Gozag
Hepliaklqana
Kikubaaqudgha
Makhleb
Nemelex Xobeh
Okawaru
Qazlal
Ru
Sif Muna
Trog
Uskayaw
Vehumet
Wu Jian
Xom
Yredelemnul
Zin
The Shining One

Shops:
D:1 ?   D:4 *   D:6 :   D:8 =

Annotations:
D:9 2 transporters, Phlounder's ghost, journeyman DjWn Gauntlet 2 runed translucent doors, 7 transporters


Innate Abilities, Weirdness & Mutations

You are dopey. (Int -2)
Potions are less effective at restoring your health.


Message History

The reaper shouts, "Death awaits you!"
There is a transporter here.
You enter the transporter and appear at another place.
The reaper hits you from afar with a +0 vorpal scythe!!
You slash the shadow imp!
You kill the shadow imp!
Beogh accepts your kill.
The shadow imp laughs crazily.
The reaper hits you from afar with a +0 vorpal scythe.
You slash the shadow imp!
The shadow imp is heavily wounded.
The shadow imp completely misses you.
You hit the shadow imp.
The shadow imp is almost dead.
The reaper hits you from afar with a +0 vorpal scythe!!
You hit the shadow imp.
You kill the shadow imp!
Beogh accepts your kill. The reaper misses you.
The reaper hits you but does no damage.
There is a transporter landing site, spattered with blood here.
You closely miss the reaper. You hit the reaper but do no damage.
The reaper closely misses you.
You hit the reaper.
The reaper is lightly wounded.
The reaper hits you but does no damage.
You closely miss the reaper.
The reaper is lightly wounded.
You slash the reaper!
The reaper is poisoned.
The reaper is moderately wounded.
The reaper hits you but does no damage.
You hit the reaper.
The reaper looks as sick as possible!
The reaper is moderately wounded.
The reaper hits you with a +0 vorpal scythe!!
* * * LOW HITPOINT WARNING * * *
You slash the reaper!
The reaper looks as sick as possible!
The reaper is heavily wounded.
The reaper hits you with a +0 vorpal scythe!!
* * * LOW HITPOINT WARNING * * *
You die...

.###...#5#...##y.##.(#...#.⌠.#
.#...##53#.⌠.#y##y.###.∩.#...#
.#########...#########...#.©.#
.........#.⌠.....#.....⌠.#....
.#########...#########...#.©.#
.#..)....#.⌠.#.......#.∩.#...#
.#..#....#...#.#.###$#...#.⌠.#
.#[###...#.⌠.#...###"#..##....
©#..#©#.©#©.©#.2@###©#.## ⌠.#
##...###.#####.##...?#.≈## .#
.#....#..#...#.##....#.≈≈#
.#.......#.⌠.#.......#.≈##
.#########...#########.##
.......................≈#
≈#≈≈≈#≈≈≈#≈≈≈#≈≈≈#≈≈≈#≈≈≈#
###≈###≈###≈###≈###≈###≈## #
### ### ### ### ### ##


You could see a reaper (extremely poisoned) and 2 meliai.

Vanquished Creatures
  Gastronok (D:9)
  An azure jelly (IceCv)
  Harold (D:9)
  Fannar (Lair:1)
  A hydra (Lair:3)
  Erica (D:10)
  A two-headed ogre (D:9)
  A tengu warrior (Gauntlet)
  Sonja (D:10)
  2 elephants (Lair:3)
  2 ice statues (IceCv)
  A cyclops (D:10)
  2 cane toads (Lair:1)
  A gargoyle (D:10)
  Psyche (D:10)
  Maggie (Lair:1)
  4 komodo dragons (Lair:1)
  A very ugly thing simulacrum (IceCv)
  A tengu conjurer (Gauntlet)
  An entropy weaver simulacrum (IceCv)
  23 slime creatures (IceCv)
  A blink frog (Lair:3)
  Grum (D:9)
  A neqoxec (Gauntlet)
  7 yaks
  3 basilisks
  3 chaos spawn (Gauntlet)
  6 water moccasins
  2 demonic crawler simulacra (IceCv)
  4 ugly thing simulacra (IceCv)
  A black bear (Lair:2)
  2 sky beasts
  An ice beast (D:7)
  2 orc warriors
  7 wolves
  2 centaurs
  A phantom (D:7)
  A kobold brigand (D:8)
  8 bullfrogs
  Blork the orc (D:5)
  A glowing shapeshifter simulacrum (IceCv)
  A wyvern zombie (D:9)
  2 water moccasin zombies
  A scorpion (D:7)
  10 wights
  4 killer bees (D:9)
  A howler monkey (D:4)
  A jelly (D:8)
  5 centaur zombies
  An orc priest (D:7)
  A bullfrog skeleton (D:5)
  6 hounds
  A centaur skeleton (D:6)
  13 orc wizards
  An iguana (D:6)
  2 hound skeletons (D:4)
  A howler monkey zombie (D:6)
  8 gnolls
  5 adders
  2 shadow imps (Gauntlet)
  A white imp (D:5)
  An adder skeleton (D:4)
  An adder zombie (D:5)
  A worm (D:3)
  A dart slug (D:3)
  22 orcs
  6 ball pythons
  10 endoplasms
  4 giant cockroaches
  7 goblins
  9 hobgoblins
  4 jackals (D:1)
  7 bats
  2 frilled lizards
  7 kobolds
  2 rats (D:1)
255 creatures vanquished.

Vanquished Creatures (collateral kills)
  4 hydras
  3 elephants (Lair:3)
  A guardian serpent (Lair:3)
  A black mamba (Lair:2)
  A komodo dragon (Lair:3)
  3 cane toads
  A polar bear (Lair:3)
  3 blink frogs (Lair:3)
  2 yaks (Lair:3)
  A basilisk (Lair:2)
  5 water moccasins
  A wolf (Lair:3)
  2 bullfrogs (Lair:1)
  2 orc priests (D:10)
  An orc wizard (D:10)
31 creatures vanquished.

Vanquished Creatures (others)
  An orc priest (IceCv)
  8 orcs
  A quokka (D:5)
  10 fungi
  4 plants
24 creatures vanquished.

Grand Total: 310 creatures vanquished

Notes
Turn   | Place    | Note
-------+----------+-------------------------------------------
     0 | D:1      | avis the Hill Orc Monk began the quest for the Orb.
     0 | D:1      | Reached XP level 1. HP: 19/19 MP: 1/1
   364 | D:1      | Reached XP level 2. HP: 26/26 MP: 2/2
   437 | D:1      | Found Xeax's Magic Scroll Shop.
   803 | D:1      | Reached skill level 5 in Axes
  1463 | D:2      | Reached XP level 3. HP: 26/31 MP: 3/3
  1561 | D:2      | Found a faded altar of an unknown god.
  1563 | D:2      | Noticed a golden eye
  1563 | D:2      | Noticed a floating eye
  1564 | D:2      | Noticed an eye of devastation
  1564 | D:2      | Noticed a floating eye
  1836 | D:2      | Reached skill level 6 in Axes
  2025 | D:2      | Found an ancient bone altar of Kikubaaqudgha.
  2382 | D:2      | Reached XP level 4. HP: 37/39 MP: 4/4
  2440 | D:3      | Found a shadowy altar of Dithmenos.
  2688 | D:3      | Reached skill level 7 in Axes
  3552 | D:3      | Found a glowing silver altar of Zin.
  3684 | D:1      | Bought a scroll of identify for 22 gold pieces
  3684 | D:1      | Bought a scroll of teleportation for 33 gold pieces
  3684 | D:1      | Bought a scroll of fear for 38 gold pieces
  3932 | D:4      | Reached XP level 5. HP: 45/46 MP: 5/5
  4320 | D:3      | Reached skill level 1 in Shields
  4658 | D:4      | Reached skill level 8 in Axes
  4658 | D:4      | Reached XP level 6. HP: 50/52 MP: 6/6
  4915 | D:4      | Found a radiant altar of Vehumet.
  5043 | D:4      | Found Gozag's Platinum Reserve.
  5043 | D:4      | Found an opulent altar of Gozag.
  5599 | D:1      | Bought a scroll of fog for 22 gold pieces
  5599 | D:1      | Bought a scroll of enchant weapon for 82 gold pieces
  5656 | D:5      | Entered Level 5 of the Dungeon
  5741 | D:5      | Found a staircase to the Ecumenical Temple.
  5752 | Temple   | Entered the Ecumenical Temple
  6081 | D:5      | Found a blossoming altar of Fedhas.
  6249 | D:5      | Reached XP level 7. HP: 59/59 MP: 7/7
  6286 | D:5      | Reached skill level 9 in Axes
  6323 | D:5      | Found a white marble altar of Elyvilon.
  6325 | D:5      | Became a worshipper of Beogh the Brigand
  6325 | D:5      | Reached * piety under Beogh
  6325 | D:5      | Reached ** piety under Beogh
  6461 | D:5      | Found a hazy altar of Hepliaklqana.
  6461 | D:5      | Noticed Blork the orc
  6462 | D:5      | Found a faded altar of an unknown god.
  6479 | D:5      | Killed Blork the orc
  6552 | D:5      | Reached skill level 10 in Axes
  6552 | D:5      | Reached skill level 1 in Invocations
  6648 | D:5      | Found a shimmering altar of Xom.
  7011 | D:6      | Reached XP level 8. HP: 66/66 MP: 8/10
  7227 | D:6      | Found Lereruek's Book Boutique.
  7726 | D:7      | Reached skill level 11 in Axes
  7862 | D:7      | Reached skill level 5 in Invocations
  7920 | D:7      | Reached skill level 12 in Axes
  8011 | D:7      | Reached XP level 9. HP: 55/71 MP: 13/13
  8047 | D:7      | Found a sparkling altar of Nemelex Xobeh.
  8412 | D:7      | Reached skill level 13 in Axes
  8861 | D:1      | Bought a scroll of enchant armour for 82 gold pieces
  8861 | D:1      | Bought a scroll of vulnerability for 82 gold pieces
  9261 | D:8      | Found Tafacilu's Jewellery Boutique.
  9665 | D:8      | Reached *** piety under Beogh
  9998 | D:8      | Reached skill level 14 in Axes
 10605 | D:9      | Found a transporter.
 10611 | D:9      | Found a transporter.
 10611 | D:9      | Noticed a two-headed ogre
 10612 | D:9      | Noticed a two-headed ogre
 10613 | D:9      | Noticed Phlounder's ghost (journeyman DjWn)
 10620 | D:9      | Identified the +6 dire flail of Plague {vorpal, rElec rC-
                  | rN+}
 10620 | D:9      | Noticed a two-headed ogre
 10698 | D:9      | Reached skill level 15 in Axes
 10893 | D:9      | Noticed Harold
 10895 | D:9      | Noticed a two-headed ogre
 10934 | D:9      | Killed Harold
 10935 | D:9      | Reached XP level 10. HP: 18/78 MP: 9/15
 11267 | D:9      | Reached skill level 16 in Axes
 11306 | D:9      | Killed a two-headed ogre
 11453 | D:9      | Noticed Grum
 11455 | D:9      | Noticed Gastronok
 11481 | D:9      | Killed Grum
 11526 | D:9      | HP: 4/83 [Gastronok (30)]
 11529 | D:9      | Killed Gastronok
 11530 | D:9      | Reached skill level 5 in Armour
 11530 | D:9      | Reached XP level 11. HP: 32/89 MP: 15/18
 12159 | D:9      | Upgraded the game from 0.27-a0-1347-gd8886f0a89 to
                  | 0.27-a0-1359-ga2a4dfd6fd
 12456 | D:10     | Entered Level 10 of the Dungeon
 12471 | D:10     | Reached skill level 10 in Invocations
 13062 | D:10     | Found a staircase to the Lair.
 13066 | D:10     | Noticed Erica
 13075 | D:10     | Killed Erica
 13273 | D:10     | Found a shimmering blue altar of Sif Muna.
 13602 | D:10     | Noticed Psyche
 13609 | D:10     | Killed Psyche
 13905 | D:10     | Noticed Sonja
 13909 | D:10     | Noticed a cyclops
 13924 | D:10     | Killed a cyclops
 13929 | D:10     | Killed Sonja
 14321 | D:10     | Found an ancient bone altar of Kikubaaqudgha.
 14324 | D:10     | Found a hide-covered altar of Uskayaw.
 14327 | D:10     | Found a basalt altar of Yredelemnul.
 14435 | Lair:1   | Entered Level 1 of the Lair of Beasts
 14435 | Lair:1   | Noticed a four-headed hydra
 14439 | Lair:1   | Killed a four-headed hydra
 14512 | Lair:1   | Reached skill level 10 in Fighting
 14679 | Lair:1   | Noticed Maggie
 14688 | Lair:1   | Killed Maggie
 15436 | Lair:1   | Reached skill level 5 in Dodging
 15572 | Lair:1   | Noticed Fannar
 15577 | Lair:1   | Killed Fannar
 15578 | Lair:1   | Reached XP level 12. HP: 94/106 MP: 6/19
 15656 | Lair:1   | Noticed a seven-headed hydra
 15663 | Lair:1   | Killed a seven-headed hydra
 16914 | Lair:2   | Found a frozen archway.
 16927 | IceCv    | Entered an ice cave
 18125 | IceCv    | Reached skill level 10 in Armour
 18646 | IceCv    | Found a viscous altar of Jiyva.
 18646 | IceCv    | Noticed an azure jelly
 18671 | IceCv    | Killed an azure jelly
 18962 | IceCv    | Got the +4 hunting sling "Fakaic" {freeze, rPois rN+}
 18965 | IceCv    | Got the ring of Suenyn {rF+ rC+ Dex+3}
 18967 | IceCv    | Identified the +3 leather armour of Caegh {Rampage rElec
                  | rC-}
 19264 | Lair:2   | Noticed a six-headed hydra
 19271 | Lair:2   | Killed a six-headed hydra
 19271 | Lair:2   | Reached **** piety under Beogh
 19765 | Lair:1   | Upgraded the game from 0.27-a0-1359-ga2a4dfd6fd to
                  | 0.27-a0-1378-gdefffd1ff6
 19929 | Lair:3   | Gained Okrist as an ally
 20125 | Lair:3   | Reached XP level 13. HP: 122/122 MP: 20/20
 20320 | Lair:3   | Gained Beowulf as an ally
 20342 | Lair:3   | Found a staircase to the Snake Pit.
 21415 | Snake:1  | Entered Level 1 of the Snake Pit
 21505 | Lair:4   | Found a gate leading to a gauntlet.
 21524 | Gauntlet | Entered a Gauntlet
 21524 | Gauntlet | Found a runed translucent door.
 21524 | Gauntlet | Found a transporter.
 21524 | Gauntlet | Found a runed translucent door.
 21524 | Gauntlet | Found a transporter.
 21535 | Gauntlet | Found a runed translucent door.
 21539 | Gauntlet | Found a transporter.
 21541 | Gauntlet | Found a transporter.
 21556 | Gauntlet | Found a transporter.
 21557 | Gauntlet | Found a transporter.
 21559 | Gauntlet | Noticed a reaper
 21569 | Gauntlet | Found a transporter.
 21586 | Gauntlet | Found a transporter.
 21590 | Gauntlet | Found a transporter.
 21611 | Gauntlet | Found a transporter.
 21624 | Gauntlet | Found a transporter.
 21627 | Gauntlet | Found a transporter.
 21767 | Gauntlet | Identified the +8 chain mail "Vuech" {rN+ Will+ Int+3
                  | Stlth+}
 21770 | Gauntlet | Gained mutation: Potions are less effective at restoring
                  | your health. [a neqoxec]
 21771 | Gauntlet | Gained mutation: You are dopey. (Int -2) [a neqoxec]
 21912 | Gauntlet | Identified the +1 helmet of Giaj {-Tele rN+ rCorr}
 22224 | Gauntlet | HP: 3/125 [reaper (33)]
 22224 | Gauntlet | Slain by a reaper

Illustrated notes

Levels and vault maps discovered:
D:1:      dpeg_arrival_houses_and_road, layout_loops_ring, serial_shops, shop
D:2:      layout_basic, basic_altar, hellmonk_ecumenical_altar_watching_god,
          minmay_misc_feat_nine_boxes, minmay_cupped
D:3:      layout_basic, zin_treasury, nicolae_overflow_crystal_walls
D:4:      layout_basic, kennysheep_mini_moat, nicolae_gozag_zags_fifth_avenue,
          minmay_joined_circles
D:5:      layout_loops_ring, overflow_temple_1_default,
          lemuel_coloured_pillars_altar, beargit_hepliaklqana_dungeon_heroes,
          elyvilon_altar_4, minmay_temple_entry_mini_moons, kennysheep_boxes
D:6:      layout_basic, serial_shops, shop
D:7:      layout_loops_cross, nemelex_diamond_rough_becter, corner_web_ring,
          grunt_decor_mini_mirrors
D:8:      layout_loops_cross, serial_shops, shop
D:9:      layout_big_octagon, gammafunk_ghost_smash, kennysheep_generic_room_12,
          uniq_grum, uniq_harold, uniq_gastronok
D:10:     layout_cave_pods, overflow_temple_1_default,
          grunt_temple_overflow_diamond, lair_entry_dummy, uniq_psyche,
          uniq_sonja, uniq_erica
Temple:   compressed_dpeg_triangle_lava_temple
Lair:1:   layout_cave_pods, uniq_maggie, uniq_fannar
Lair:2:   layout_big_grid, portal_ice_cave_entry_pillars_1
Lair:3:   layout_chaotic_city, minmay_snake_entry_spellcaster
Lair:4:   layout_regular_city, minmay_shoals_entry_hut, gauntlet_entry_generic
Snake:1:  layout_chambers
Gauntlet: minmay_gauntlet_77_indecision [minmay_gauntlet_arena_77_shame_cube,
          minmay_gauntlet_arena_77_path, minmay_gauntlet_arena_77_squiggly,
          minmay_gauntlet_arena_77_double_cross, minmay_gauntlet_arena_77_mess,
          minmay_gauntlet_arena_77_block_sizes, gauntlet_exit_hidden_loot]

Skill      XL: |  1  2  3  4  5  6  7  8  9 10 11 12 13 |
---------------+----------------------------------------+-----
Axes           | 5 6 7 8 10 12 15 16 | 16.0
Fighting       | 4 6 10 13 14 | 14.9
Shields        | 2 3 4 |  4.0
Invocations    | 2 6 7 9 10 | 10.0
Armour         | 5 6 10 | 10.0
Dodging        | 5 |  5.0
Stealth        | |  1.5

Action                   |  1- 3 |  4- 6 |  7- 9 | 10-12 | 13-15 || total
-------------------------+-------+-------+-------+-------+-------++-------
Melee: Hand axe          |   136 |   236 |       |       |       ||   372
       War axe           |       |    28 |   439 |   442 |   105 ||  1014
       Whip              |       |       |    31 |       |       ||    31
       Morningstar       |       |       |       |     8 |     8 ||    16
 Fire: Hunting sling     |       |       |       |     4 |       ||     4
Throw: Dart              |       |       |     2 |     5 |       ||     7
Invok: Convert to Beogh  |       |       |     1 |       |       ||     1
       Smiting           |       |       |     3 |     8 |     2 ||    13
       Recall Orcish Fol |       |       |       |     1 |       ||     1
Evoke: Wand              |       |       |       |     7 |       ||     7
  Use: Scroll            |       |     4 |     3 |    13 |       ||    20
       Potion            |       |       |     5 |     2 |       ||     7
 Stab: Sleeping          |     3 |       |       |       |       ||     3
       Distracted        |       |       |       |       |     1 ||     1
Armor: Robe              |    23 |       |       |       |       ||    23
       Ring mail         |    17 |    20 |       |       |       ||    37
       Chain mail        |       |    89 |   274 |    82 |    17 ||   462
       Swamp dragon scal |       |       |       |   117 |    32 ||   149
Dodge: Dodged            |    71 |    71 |   136 |   182 |    59 ||   519
Block: Buckler           |       |    24 |    90 |    68 |    28 ||   210

Table legend: (Time is in decaauts)
 A = Elapsed time spent in this place.
 B = Non-inter-level travel time spent in this place.
 C = Inter-level travel time spent in this place.
 D = Time resting spent in this place.
 E = Time spent auto-exploring this place.
 F = Levels seen in this place.
 G = Mean time per level.
                   A        B        C        D        E       F      G
               +--------+--------+--------+--------+--------+-----+--------+
         Total |  22122 |  19007 |   3115 |   6941 |   7072 |  18 | 1229.0 |
       Dungeon |  14706 |  12069 |   2637 |   3925 |   5239 |  10 | 1470.6 |
        Temple |    312 |    290 |     22 |      0 |    223 |   1 |  312.0 |
          Lair |   4205 |   3750 |    455 |   1100 |   1610 |   4 | 1051.2 |
     Snake Pit |      1 |      1 |      0 |      0 |      0 |   1 |    1.0 |
      Ice Cave |   2210 |   2210 |      0 |   1612 |      0 |   1 | 2210.0 |
      Gauntlet |    686 |    686 |      0 |    304 |      0 |   1 |  686.0 |
               +--------+--------+--------+--------+--------+-----+--------+

Top non-repeatable levels by time:
   IceCv: 2210 daAuts
  Lair:1: 1874 daAuts
     D:9: 1801 daAuts
     D:8: 1731 daAuts
     D:3: 1715 daAuts
    D:10: 1685 daAuts
     D:1: 1517 daAuts
     D:2: 1458 daAuts
  Lair:3: 1364 daAuts
     D:7: 1269 daAuts
     D:5: 1187 daAuts
     D:6: 1182 daAuts
     D:4: 1156 daAuts
  Lair:2: 893 daAuts
Gauntlet: 686 daAuts
